 Dungeon Crawl Stone Soup version 0.29.1-2-gbd0b4ee654 (webtiles) character file.

Game seed: 12855171543190207431

56 DildoBatman the Conjurer (level 4, 0/24 (32) HPs)
             Began as a Formicid Conjurer on Nov 25, 2022.
             Succumbed to an adder's poison
             ... on level 2 of the Dungeon.
             The game lasted 00:03:12 (1000 turns).

DildoBatman the Conjurer (Formicid Conjurer)        Turns: 1000, Time: 00:03:12

HP:   0/24 (32)     AC:  2    Str: 12    XL:     4   Next: 17%
MP:   7/8           EV: 12    Int: 19    God:
Gold: 101           SH:  0    Dex: 12    Spells: 5/8 levels left

rFire   . . .      SeeInvis +   a - +0 dagger (venom)
rCold   . . .      Faith    .   (no shield)
rNeg    . . .      Spirit   .   o - +0 robe
rPois   .          Reflect  .   (helmet unavailable)
rElec   .          Harm     .   (no cloak)
rCorr   .          Rampage  .   (no gloves)
Will    .....                   (no boots)
Stlth   ++........              (no amulet)
HPRegen 0.08/turn               (no ring)
MPRegen 0.11/turn               (no ring)

@: lethally poisoned (0 -> -3), very heavily drained
A: permanent stasis, dig shafts and tunnels, antennae 3, four strong arms
a: Dig, Shaft Self


You were on level 2 of the Dungeon.
You visited 1 branch of the dungeon, and saw 2 of its levels.

You collected 101 gold pieces.

Inventory:

Hand Weapons
 a - a +0 dagger of venom (weapon)
 i - a +0 whip
 j - a +0 dagger
Missiles
 f - 25 stones
 g - 8 poisoned darts
 m - 5 boomerangs
Armour
 o - a +0 robe (worn)
 p - a +0 buckler
Scrolls
 d - 3 scrolls of summoning {unknown}
 e - 2 scrolls of identify {unknown}
 h - 2 scrolls of noise {unknown}
 k - 2 scrolls of immolation {unknown}
 l - 3 scrolls of vulnerability {unknown}
 n - a scroll of magic mapping {unknown}
Potions
 b - a potion of magic
 c - a potion of heal wounds {unknown}
 q - 2 potions of flight {unknown}


   Skills:
 * Level 1.4 Fighting
 * Level 1.5 Armour
 - Level 2.0 Dodging
 - Level 2.4 Stealth
 * Level 1.0 Shields
 * Level 2.7 Spellcasting
 * Level 3.9 Conjurations


You had 5 spell levels left.
You knew the following spells:

 Your Spells              Type           Power      Damage    Failure   Level
a - Searing Ray           Conj           34%        2d5       4%          2
c - Magic Dart            Conj           68%        1d6       3%          1

Your spell library contained the following spells:

 Spells                   Type           Power      Damage    Failure   Level
 Dazzling Flash           Conj/Hex       20%        N/A       22%         3
 Fulminant Prism          Conj/Hex       5%         3d7       56%         4
 Iskenderun's Mystic Bla  Conj/Tloc      10%        2d4       56%         4


Dungeon Overview and Level Annotations

Branches:
Dungeon (2/15)

Altars:

Shops:
D:2 [

Annotations:
D:2 1 exclusion


Innate Abilities, Weirdness & Mutations

You cannot be hasted, slowed, berserked, paralysed or teleported.
You can dig through walls and to a lower floor.
You have a pair of large antennae on your head. (SInv)
Your four strong arms can wield two-handed weapons with a shield.


Message History

You shout for attention!
The adder barely misses you. The adder closely misses you.
The hobgoblin hits you. The frilled lizard barely misses you.
What are your orders? t - Shout!
Orders for allies: a - Attack new target. r - Retreat! s - Stop attacking. g - Guard the area. f - Follow me.
Anything else - Cancel.
You shout for attention!
The adder bites you.
You are poisoned.
The adder poisons you! The adder barely misses you. The adder bites you.
The hobgoblin misses you. The frilled lizard closely misses you.
What are your orders? t - Shout!
Orders for allies: a - Attack new target. r - Retreat! s - Stop attacking. g - Guard the area. f - Follow me.
Anything else - Cancel.
You shout for attention!
You feel sick. The adder bites you. The adder bites you but does no damage.
The adder closely misses you.
The frilled lizard bites you but does no damage.
The hobgoblin misses you. What are your orders? t - Shout!
Orders for allies: a - Attack new target. r - Retreat! s - Stop attacking. g - Guard the area. f - Follow me.
Anything else - Cancel.
You shout for attention!
You die...

#########.......## #...#
............###..########.#'#
###.##.##.## ##..........#.≈ {
#.##.# +.##########.≈ # ##....#
{##.##.....+..∩.
#.#..#####+#.....#####≈≈.#
#.#.##..##g#####.## #≈≈.#
#...#....SSKgw(##.# ###'# #
#.#.#.!.l@gSbK(.#.# #..# .
...#.##!.#.#rg..(#.# #.## .
###### #..####.#wl...#.# #.# .
#....# #.......##.!.##.# #.# .
#....# #....#...#####.## #.#
.##....###....####....)#######.#
.......'......+...............>#
.##....###....################.#
. #....# ###### ####.#


You could see a worm, 2 adders, a hobgoblin, 3 goblins, a bat, a ball python, 2
kobolds, 2 frilled lizards and a rat.

Vanquished Creatures
  2 adders (D:2)
  3 dart slugs (D:1)
  2 ball pythons (D:1)
  An endoplasm (D:1)
  3 goblins
  4 hobgoblins
  2 jackals (D:1)
  A quokka (D:2)
  4 bats
  7 frilled lizards
  2 kobolds
  A rat (D:1)
32 creatures vanquished.

Notes
Turn   | Place    | Note
-------+----------+-------------------------------------------
     0 | D:1      | DildoBatman the Formicid Conjurer began the quest for the
                  | Orb.
     0 | D:1      | Reached XP level 1. HP: 13/13 MP: 3/3
   158 | D:1      | Reached XP level 2. HP: 20/20 MP: 3/5
   161 | D:1      | Learned a level 2 spell: Searing Ray
   376 | D:1      | Reached skill level 1 in Armour
   458 | D:1      | Reached skill level 1 in Fighting
   465 | D:1      | Reached XP level 3. HP: 16/26 MP: 1/6
   834 | D:2      | Found Teablub's Antique Armour Boutique.
   973 | D:2      | Reached skill level 1 in Shields
   973 | D:2      | Reached XP level 4. HP: 32/32 MP: 4/8
   999 | D:2      | HP: 1/24 [adder (2)]
  1000 | D:2      | Succumbed to an adder's poison

Illustrated notes

Levels and vault maps discovered:
D:1:      minmay_arrival_loop, layout_rooms, minmay_heptomino_d4
D:2:      layout_basic, shapermc_ecumenical_altar_mp_vishouse, serial_shops,
          nicolae_shop_hallway_plus, basic_altar, minmay_joined_circles

Skill      XL: |  1  2  3 |
---------------+----------+-----
Dodging        | 2 |  2.0
Armour         | 1 |  1.5
Fighting       | 1 |  1.4
Shields        | 1 |  1.0
Stealth        | |  2.4
Spellcasting   | |  2.7
Conjurations   | |  3.9

Action                   |  1- 3 |  4- 6 || total
-------------------------+-------+-------++-------
Melee: Unarmed           |     4 |       ||     4
       Dagger            |    25 |       ||    25
 Cast: Magic Dart        |    51 |       ||    51
       Searing Ray       |     2 |       ||     2
 Abil: Dig               |       |     2 ||     2
Armor: Robe              |     8 |     5 ||    13
Dodge: Dodged            |    23 |    29 ||    52
